 Dungeon Crawl Stone Soup version 0.23.2 (webtiles) character file.

Game seed: 18234356178984157124

102 Illumine the Slasher (level 4, 0/35 HPs)
             Began as a Mummy Berserker on Oct 2, 2019.
             Was a Believer of Trog.
             Slain by Crazy Yiuf
             ... wielding a +2 quarterstaff of chaos
              (5 damage)
             ... on level 3 of the Dungeon.
             The game lasted 00:03:29 (2553 turns).

Illumine the Slasher (Mummy Berserker)              Turns: 2553, Time: 00:03:31

Health: 0/35       AC:  5    Str: 21    XL:     4   Next: 49%
Magic:  4/4        EV:  8    Int:  6    God:    Trog [**....]
Gold:   56         SH:  9    Dex: 11    Spells: 3/3 levels left

rFire    x . .     SeeInvis .   o - +0 long sword
rCold    + . .     Gourm    .   m - +2 shield
rNeg     + + +     Faith    .   j - +0 ring mail
rPois    ∞         Spirit   .   (no helmet)
rElec    .         Reflect  .   (no cloak)
rCorr    .         Harm     .   (no gloves)
MR       +....                  (no boots)
Stlth    +.........             f - amulet of the acrobat
HPRegen  0.11/turn              k - ring of protection from magic
MPRegen  0.09/turn              (no ring)

@: no status effects
A: no food or potions, fire vulnerability, cold resistance 1, negative energy
resistance 3, torment resistance, unbreathing
a: Trog's Hand, Renounce Religion


You were on level 3 of the Dungeon.
You worshipped Trog.
Trog was pleased with you.
You were not hungry.

You visited 1 branch of the dungeon, and saw 3 of its levels.

You collected 56 gold pieces.

Inventory:

Hand Weapons
 o - a +0 long sword (weapon)
Missiles
 c - 129 stones (quivered)
Armour
 b - a +0 animal skin
 j - a +0 ring mail (worn)
 m - a +2 shield (worn)
Jewellery
 d - an uncursed ring of protection from magic
 f - an amulet of the acrobat (around neck)
 k - a ring of protection from magic (left hand)
Scrolls
 e - a scroll of random uselessness {unknown}
 g - a scroll of amnesia {unknown}
 h - a scroll of magic mapping {unknown}
 i - a scroll of fear {unknown}
 l - a scroll of fog {unknown}
 n - a scroll of remove curse {unknown}


   Skills:
 - Level 3.0 Fighting
 * Level 4.1 Long Blades
 + Level 1.9 Armour
 - Level 1.5 Dodging
 + Level 0.5 Shields


You had 3 spell levels left.
You didn't know any spells.
Your spell library was empty.

Dungeon Overview and Level Annotations

Branches:
Dungeon (3/15)

Altars:
Uskayaw
Vehumet
Zin

Annotations:
D:2 Sigmund
D:3 Crazy Yiuf


Innate Abilities, Weirdness & Mutations

You do not eat or drink.
Your flesh is vulnerable to fire.
You are immune to poison.
Your flesh is cold resistant. (rC+)
You are immune to negative energy. (rN+++)
You are immune to unholy pain and torment.
You can survive without breathing.


Message History

You completely miss Crazy Yiuf.
Crazy Yiuf is heavily wounded.
Crazy Yiuf grits, "Powder!
Action shoe disdain."
Crazy Yiuf hits you with a +2 quarterstaff of chaos!
* * * LOW HITPOINT WARNING * * *
You completely miss Crazy Yiuf.
Crazy Yiuf is heavily wounded.
Crazy Yiuf screams, "Leather!
Ghoul cloud chair."
You block Crazy Yiuf's attack.
You barely miss Crazy Yiuf.
Crazy Yiuf is heavily wounded.
You block Crazy Yiuf's attack.
You slash Crazy Yiuf!
Crazy Yiuf is almost dead.
Crazy Yiuf hits you with a +2 quarterstaff of chaos.
* * * LOW HITPOINT WARNING * * *
You convulse.
* * * LOW HITPOINT WARNING * * *
Crazy Yiuf hits you with a +2 quarterstaff of chaos.
You die...

.............##.##.........#
.............##'##.........#
...........................#
.....##'#################..#
#######.## #..# #..# #..#
##.# ### ♣♣##..# ######.#
#)..#♣♣ ♣♣.#..[# #......#
#...g@♣♣♣♣......# #......#
#...#♣..♣......## #......#
### ♣♣♣.♣.P#.## ###......#
♣♣♣♣♣### .........#
.....################ .....#
#.##........# .....#
#.##........#
#########.###.......##


You could see Crazy Yiuf.

Vanquished Creatures
  3 adders
  4 worms
  2 dart slugs
  2 leopard geckos
  3 orcs (D:3)
  8 bats
  A giant cockroach (D:2)
  3 goblins (D:1)
  8 hobgoblins
  3 jackals (D:3)
  7 kobolds
  A ball python (D:1)
  5 frilled lizards
  6 rats
56 creatures vanquished.

Notes
Turn   | Place    | Note
-------+----------+-------------------------------------------
     0 | D:1      | Illumine the Mummy Berserker began the quest for the Orb.
     0 | D:1      | Reached XP level 1. HP: 18/18 MP: 1/1
   158 | D:1      | Reached skill level 3 in Long Blades
   158 | D:1      | Reached XP level 2. HP: 22/24 MP: 2/2
   574 | D:2      | Found a radiant altar of Vehumet.
   588 | D:2      | Reached XP level 3. HP: 21/29 MP: 3/3
   842 | D:2      | Found a glowing silver altar of Zin.
  1087 | D:2      | Reached ** piety under Trog
  1161 | D:2      | Noticed Sigmund
  1739 | D:3      | Found a hide-covered altar of Uskayaw.
  1760 | D:3      | Reached skill level 4 in Long Blades
  1760 | D:3      | Reached XP level 4. HP: 33/35 MP: 4/4
  2544 | D:3      | Found a runed translucent door.
  2545 | D:3      | Noticed Crazy Yiuf
  2553 | D:3      | Slain by Crazy Yiuf

Skill      XL: |  1  2  3 |
---------------+----------+-----
Long Blades    | 3 4 |  4.1
Fighting       | |  3.0
Armour         | |  1.9
Dodging        | |  1.5
Shields        | |  0.5

Action                   |  1- 3 |  4- 6 || total
-------------------------+-------+-------++-------
Melee: Falchion          |   110 |    16 ||   126
       Long sword        |       |    45 ||    45
  Use: Scroll            |     1 |       ||     1
Armor: Animal skin       |    17 |       ||    17
       Ring mail         |    19 |     9 ||    28
Dodge: Dodged            |    98 |    14 ||   112
Block: Shield            |    19 |    31 ||    50
       Rpst.: Falchion   |    32 |     2 ||    34
       Long sword        |       |     2 ||     2
